 Dungeon Crawl Stone Soup version 0.29.1-15-g9cfb28693d (webtiles) character file.

Game seed: 5449515533388086098

65 chaostorm the Shooter (level 4, 0/27 HPs)
             Began as a Tengu Hunter on Apr 6, 2023.
             Killed from afar by Natasha (9 damage)
             ... with a magic dart
             ... on level 2 of the Dungeon.
             The game lasted 00:11:51 (1554 turns).

chaostorm the Shooter (Tengu Hunter)                Turns: 1554, Time: 00:11:51

Health: 0/27       AC:  4    Str: 11    XL:     4   Next: 13%
Magic:  5/5        EV: 13    Int:  9    God:
Gold:   72         SH:  0    Dex: 20    Spells: 3/3 levels left

rFire   . . .      SeeInvis .   a - +0 shortbow
rCold   . . .      Faith    .   (shield currently unavailable)
rNeg    . . .      Spirit   .   c - +0 leather armour
rPois   .          Reflect  .   (helmet restricted)
rElec   .          Harm     .   (no cloak)
rCorr   .          Rampage  .   f - +0 pair of gloves
Will    .....                   (boots unavailable)
Stlth   ++........              (no amulet)
HPRegen 0.09/turn               (no ring)
MPRegen 0.09/turn               (no ring)

@: no status effects
A: beak, talons 3
a: no special abilities


You were on level 2 of the Dungeon.
You visited 1 branch of the dungeon, and saw 2 of its levels.

You collected 72 gold pieces.

Inventory:

Hand Weapons
 a - a +0 shortbow (weapon)
Armour
 c - a +0 leather armour (worn)
 f - a +0 pair of gloves (worn)
Scrolls
 b - a scroll of immolation
 e - a scroll of torment {unknown}
 h - a scroll of enchant armour {unknown}
 j - 2 scrolls of identify {unknown}
 l - a scroll of teleportation {unknown}
 n - a scroll of noise {unknown}
Potions
 d - 2 potions of degeneration {unknown}
 g - 2 potions of lignification {unknown}
 i - a potion of might {unknown}
 k - a potion of resistance {unknown}
 m - a potion of cancellation {unknown}


   Skills:
 + Level 2.7 Fighting
 + Level 4.9 Ranged Weapons
 + Level 2.9 Dodging
 + Level 2.2 Stealth


You had 3 spell levels left.
You didn't know any spells.
Your spell library contained the following spells:

 Spells                   Type           Power      Damage    Failure   Level
 Beastly Appendage        Tmut           0%         N/A       47%         1
 Wereblood                Tmut           0%         N/A       63%         2
 Gell's Gravitas          Tloc           0%         N/A       85%         3
 Lesser Beckoning         Tloc           0%         N/A       85%         3
 Spider Form              Tmut/Pois      0%         N/A       85%         3
 Teleport Other           Tloc           0%         N/A       85%         3


Dungeon Overview and Level Annotations

Branches:
Dungeon (2/15) Zot: 10411

Altars:

Shops:
D:2 *

Annotations:
D:2 Natasha


Innate Abilities, Weirdness & Mutations

You have a beak for a mouth.
You have claws for feet.


Message History

You feel yourself speed up.
You start resting.
HP restored.
You see here the felid corpse of Natasha.
There is an open door here.
There is an open door here.
You see here a +0 trident.
Found a stone staircase leading down.
Found 5 javelins.
There is a stone staircase leading down here.
Found a plate armour.
Found a robe.
There is an open door here.
Natasha, Servant of Life and Death comes into view.
Natasha hisses angrily.
You see here a +0 robe.
You shoot an arrow. The arrow closely misses Natasha.
You shoot an arrow. The arrow barely misses Natasha.
Natasha mumbles some strange words.
You shoot an arrow. The arrow barely misses Natasha.
Natasha casts a spell at you. The magic dart hits you.
The white imp gestures at you. The puff of frost hits you!
* * * LOW HITPOINT WARNING * * *
There is an open door here.
Natasha casts a spell at you. The magic dart hits you.
* * * LOW HITPOINT WARNING * * *
Okay, then.
Natasha growls.
Unknown command.
Fire: a) +0 shortbow
Press: ? - help, Shift-Dir - straight line, f/p - Natasha
Aim: Natasha (59% to hit)
You shoot an arrow. The arrow hits Natasha.
Natasha is lightly wounded.
Natasha stares at you and mumbles some strange words.
The magic dart hits you!
You die...

#.../..[.5####...###
'........h'@......#
#.........####...##
##.......## ##.##
##.....## #.#
##...## #.# ##'# #.#
#. #.# #. #.# #.#
#.# #.#


You could see Natasha and a white imp (summoned).

Vanquished Creatures
  Natasha (D:2)
  6 ball pythons (D:1)
  3 endoplasms (D:1)
  3 giant cockroaches
  2 goblins
  5 hobgoblins (D:1)
  4 jackals (D:1)
  A quokka (D:1)
  3 bats
  5 frilled lizards
  A kobold (D:1)
  3 rats
37 creatures vanquished.

Notes
Turn   | Place    | Note
-------+----------+-------------------------------------------
     0 | D:1      | chaostorm the Tengu Hunter began the quest for the Orb.
     0 | D:1      | Reached XP level 1. HP: 12/12 MP: 2/2
   104 | D:1      | Reached XP level 2. HP: 17/17 MP: 3/3
   366 | D:1      | Reached XP level 3. HP: 22/22 MP: 4/4
   642 | D:2      | Noticed Natasha
  1140 | D:2      | Found Riqo's General Store.
  1345 | D:2      | Killed Natasha
  1346 | D:2      | Reached XP level 4. HP: 22/27 MP: 5/5
  1544 | D:2      | Noticed Natasha
  1554 | D:2      | Killed from afar by Natasha

Illustrated notes

Levels and vault maps discovered:
D:1:      lightli_arrival_maybe_door_vault, layout_rooms
D:2:      layout_loops_corners, serial_shops, nicolae_shop_trees, uniq_natasha

Skill      XL: |  1  2  3 |
---------------+----------+-----
Stealth        | 2 |  2.2
Fighting       | |  2.7
Ranged Weapons | |  4.9
Dodging        | |  2.9

Action                   |  1- 3 |  4- 6 || total
-------------------------+-------+-------++-------
 Fire: Shortbow          |    75 |     4 ||    79
Armor: Leather armour    |     6 |       ||     6
Dodge: Dodged            |    27 |       ||    27
